 Adventure DCSS version bcrawl-1.32 (webtiles) character file.

Game seed: 16793770243644820468

109421 Leeroy the Slasher (level 4, 26/26 HPs)
             Began as a Skeleton Skald on Aug 3, 2021.
             Quit the game on level 3 of the Dungeon.
             The game lasted 00:03:43 (3010 turns).

Leeroy the Slasher (Skeleton Skald)                 Turns: 3010, Time: 00:03:44

Health: 26/26      AC:  3    Str: 17    XL:     4   Next: 74%
Magic:  8/8        EV: 12    Int: 12    God:
Gold:   72         SH:  2    Dex: 17    Spells: 1/9 levels left
                                        Lives:  1   Deaths: 1

rFire    . . .     SeeInvis .   a - +0 long sword
rCold    + . .     Gourm    .   (no shield)
rNeg     + + +     Faith    .   b - +0 leather armour
rPois    ∞         Spirit   +   (no helmet)
rElec    .         Reflect  .   (no cloak)
rCorr    .         Harm     .   (no gloves)
MR       .....                  (no boots)
Stlth    +.........             (no amulet)
HPRegen  0.08/turn              c - +8 ring of dexterity
MPRegen  0.11/turn              (no ring)

@: no status effects
A: no food or potions, cold resistance 1, deterioration 1, negative energy
resistance 3, torment resistance, unbreathing, magic shield, sturdy frame 1,
spell healing
a: no special abilities


You were on level 3 of the Dungeon.
You were not hungry.

You visited 1 branch of the dungeon, and saw 3 of its levels.

You collected 72 gold pieces.

Inventory:

Hand Weapons
 a - a +0 long sword (weapon)
 g - a +3 dagger of draining
Armour
 b - a +0 leather armour (worn)
 f - a +0 medium shield
 l - a +0 scale mail
Jewellery
 c - a +8 ring of dexterity (left hand)
 h - the ring "Ciocesiz" {Ice rElec Dex-5 SInv}
   (You took it off a hobgoblin on level 2 of the Dungeon)

   [ring of ice]

   It enhances your ice magic.
   It affects your dexterity (-5).
   It makes you vulnerable to fire.
   It protects you from cold.
   It insulates you from electricity.
   It lets you see invisible.
 k - an uncursed ring of insulation
Scrolls
 e - 2 scrolls of remove curse
 i - 2 scrolls of teleportation {unknown}
 j - a scroll of enchant armour {unknown}


   Skills:
 - Level 2.0 Fighting
 + Level 7.3 Long Blades
 - Level 1.1 Armour
 - Level 2.0 Dodging
 - Level 3.0 Spellcasting
 - Level 0.1 Hexes
 - Level 3.2 Charms


You had one spell level left.
You knew the following spells:

 Your Spells              Type           Power        Failure   Level  Hunger
a - Infusion              Chrm           #.......     7%          1    N/A
b - Song of Slaying       Chrm           #.......     10%         2    N/A
c - Swiftness             Chrm/Air       #.......     21%         2    N/A
d - Spectral Weapon       Hex/Chrm       #.......     36%         3    N/A

Your spell library contained the following spells:

 Spells                   Type           Power        Failure   Level  Hunger
 Ozocubu's Armour         Chrm/Ice       #.......     36%         3    N/A
 Regeneration             Chrm/Necr      Unusable     N/A         3    N/A

Dungeon Overview and Level Annotations

Branches:
Dungeon (3/12)

Altars:
Hepliaklqana
Uskayaw
Xom


Innate Abilities, Weirdness & Mutations

You do not eat or drink.
You are immune to poison.
Your flesh is cold resistant. (rC+)
Your body sometimes deteriorates upon taking damage.
You are immune to negative energy. (rN+++)
You are immune to unholy pain and torment.
You can survive without breathing.
When hurt, damage is shared between your health and your magic reserves.
Your movements are slightly less encumbered by armour. (ER -2)
Casting spells heals you.


Message History

You feel yourself slow down.
You can't drink.
As you read the scroll labeled EBIPHUDWY EREE, it crumbles to dust.
You hear a loud clanging noise!
It was a scroll of noise.
You hear a shout! x9
The adder barely misses you. You block the orc wizard's attack.
The adder bites you but does no damage. The orc wizard closely misses you.
You closely miss the adder.
The adder is heavily wounded.
The orc wizard hits you but does no damage.
The adder bites you but does no damage.
The orc wizard hits you with a +0 dagger.
* * * LOW HITPOINT WARNING * * *
The adder bites you.
You die...
Xom reaches out...
You are now level 4!
You rejoin the land of the living...
Are you sure you want to abandon this character and quit the game? (Confirm with "yes".)

.##........# #..
.....##..### #.#
............ #.#
.#.#.##..### #.###
#[##..#.. #...
#.##.....
##..#####.#.##.....
#.........#.##.<...
#@########.##.#...
#...............#.#
###########.##.[#.#
#...#.....#..
#...#####....
#...#........
#............
#.###†#......
#.###.#...#..


There were no monsters in sight!

Vanquished Creatures
  A sky beast (D:3)
  Terence (D:2)
  3 gnolls
  2 oozes (D:2)
  A worm (D:3)
  2 dart slugs
  3 leopard geckos
  7 orcs
  A giant cockroach (D:2)
  11 goblins
  8 hobgoblins
  9 kobolds
  A ball python (D:1)
  5 bats
  3 frilled lizards
  5 rats
63 creatures vanquished.

Notes
Turn   | Place    | Note
-------+----------+-------------------------------------------
     0 | D:1      | Leeroy the Skeleton Skald began the quest for the Orb.
     0 | D:1      | Reached XP level 1. HP: 12/12 MP: 4/4
   155 | D:1      | Reached skill level 3 in Long Blades
   172 | D:1      | Reached XP level 2. HP: 12/17 MP: 4/6
   469 | D:1      | Reached skill level 4 in Long Blades
   846 | D:1      | Reached XP level 3. HP: 21/21 MP: 5/7
  1217 | D:2      | Reached skill level 5 in Long Blades
  1223 | D:2      | Identified the ring "Ciocesiz" {Ice rElec Dex-5 SInv}
  1239 | D:2      | Reached XP level 4. HP: 9/26 MP: 4/8
  1967 | D:2      | Found a shimmering altar of Xom.
  2002 | D:3      | Noticed Terence
  2017 | D:3      | HP: 1/26 [Terence/+0 flail (5)]
  2277 | D:3      | Learned a level 2 spell: Song of Slaying
  2282 | D:2      | Learned a level 2 spell: Swiftness
  2286 | D:2      | Learned a level 3 spell: Spectral Weapon
  2320 | D:2      | Killed Terence
  2321 | D:2      | Reached skill level 6 in Long Blades
  2658 | D:3      | Noticed a sky beast
  2675 | D:3      | Killed a sky beast
  2676 | D:3      | Reached skill level 7 in Long Blades
  2676 | D:3      | Reached XP level 5. HP: 2/30 MP: 1/9
  2825 | D:3      | Found a hazy altar of Hepliaklqana.
  2998 | D:3      | Found a hide-covered altar of Uskayaw.
  3009 | D:3      | HP: 1/30 [orc wizard/+0 dagger (1)]
  3009 | D:3      | Slain by an adder
  3010 | D:3      | Reached XP level 4. HP: -3/26 MP: 0/8
  3010 | D:3      | Quit the game

Skill      XL: |  1  2  3  4 |
---------------+-------------+-----
Long Blades    | 3 4 5 7 |  7.3
Fighting       | |  2.0
Armour         | |  1.1
Dodging        | |  2.0
Spellcasting   | |  3.0
Hexes          | |  0.1
Charms         | |  3.2

Action                   |  1- 3 |  4- 6 || total
-------------------------+-------+-------++-------
Melee: Long sword        |    89 |   125 ||   214
 Cast: Infusion          |     1 |     1 ||     2
       Spectral Weapon   |       |     2 ||     2
       Song of Slaying   |       |     1 ||     1
  Use: Scroll            |     1 |     2 ||     3
 Stab: Sleeping          |     2 |     2 ||     4
Armor: Leather armour    |    21 |    21 ||    42
Dodge: Dodged            |    55 |    60 ||   115
Block: Other             |     2 |    18 ||    20
